 Dungeon Crawl Stone Soup version 0.27.1-4-g1640c2035a (webtiles) character file.

Game seed: 8702570506613700769

2107 Vivir the Magician (level 9, -1/66 HPs)
             Began as a Djinni Fire Elementalist on Nov 13, 2021.
             Was an Initiate of Makhleb.
             Slain by a manticore (10 damage)
             ... on level 6 of the Dungeon.
             The game lasted 00:31:05 (11362 turns).

Vivir the Magician (Djinni Fire Elementalist)      Turns: 11362, Time: 00:31:06

Health: -1/66      AC:  7    Str: 10    XL:     9   Next: 53%
Gold:   282        EV: 13    Int: 23    God:    Makhleb [......] SH:  0 Dex: 14

rFire    + + .     SeeInvis .   e - +3 dagger (protect)
rCold    x . .     Faith    .   (no shield)
rNeg     . . .     Spirit   .   a - +0 robe
rPois    ∞         Reflect  .   (no helmet)
rElec    .         Harm     .   w - +0 cloak
rCorr    .         Rampage  .   p - +0 pair of gloves
Will     .....                  (boots unavailable)
Stlth    ++........             (no amulet)
HPRegen  0.21/turn              d - +6 ring of intelligence
MPRegen  0.00/turn              (no ring)

@: spiked, flying
A: sickness immunity, fire resistance 2, cold vulnerability 1, float, innate
caster, hp casting, extra vitality 1, iridescent scales 1, sense surroundings 1
a: Renounce Religion


You were on level 6 of the Dungeon.
You worshipped Makhleb.
Makhleb was noncommittal.
You visited 2 branches of the dungeon, and saw 7 of its levels.

You collected 282 gold pieces.

Inventory:

Hand Weapons
 c - a +0 dagger
 e - a +3 dagger of protection (weapon)
Missiles
 A - 2 throwing nets
Armour
 a - a +0 robe (worn)
 j - a +0 plate armour
 p - a +0 pair of gloves (worn)
 w - a +0 cloak (worn)
Jewellery
 d - a +6 ring of intelligence (left hand)
Wands
 y - a wand of flame (21)
 B - a wand of digging (7)
Scrolls
 b - 2 scrolls of fear
 f - 4 scrolls of enchant weapon
 g - 4 scrolls of blinking
 i - 2 scrolls of vulnerability
 k - a scroll of fog {unknown}
 r - 2 scrolls of enchant armour {unknown}
 s - 2 scrolls of holy word {unknown}
 t - a scroll of torment {unknown}
 u - a scroll of immolation {unknown}
 x - 2 scrolls of teleportation {unknown}
 z - a scroll of identify
Potions
 h - 3 potions of curing
 l - a potion of attraction {unknown}
 m - 3 potions of lignification {unknown}
 n - a potion of degeneration {unknown}
 o - 2 potions of flight {unknown}
 q - 2 potions of brilliance
 v - 2 potions of ambrosia {unknown}


   Skills:
 + Level 6.0 Fighting
 - Level 0.1 Short Blades
 + Level 6.0 Armour
 - Level 3.2 Dodging
 - Level 1.5 Stealth
 - Level 0.2 Unarmed Combat
 + Level 6.4 Spellcasting


You couldn't memorise any spells.
You knew the following spells:

 Your Spells              Type           Power      Damage    Failure   Level
a - Foxfire               Conj/Fire      100%       2x1d9     1%          1
b - Conjure Flame         Conj/Fire      37%        6-21      1%          3
c - Inner Flame           Hex/Fire       37%        N/A       1%          3
d - Sticky Flame          Conj/Fire      37%        2d6       6%          4
e - Fireball              Conj/Fire      18%        3d9       16%         5
f - Pain                  Necr           100%       1d9       1%          1
g - Static Discharge      Conj/Air       37%        N/A       1%          2
h - Dazzling Flash        Conj/Hex       74%        N/A       1%          3
i - Dispel Undead         Necr           37%        3d15      6%          4
Your spell library was empty.

Dungeon Overview and Level Annotations

Branches:
Dungeon (6/15)             Temple (1/1) D:6

Altars:
Ashenzari
Cheibriados
Dithmenos
Elyvilon
Fedhas
Gozag
Kikubaaqudgha
Makhleb
Nemelex Xobeh
Okawaru
Qazlal
Ru
Sif Muna
Trog
Uskayaw
Vehumet
Wu Jian
Xom
Yredelemnul
Zin
The Shining One

Shops:
D:2 =


Innate Abilities, Weirdness & Mutations

You are immune to sickness and miasma.
You are immune to poison.
Your flesh is very heat resistant. (rF++)
You are vulnerable to cold. (rC-)
You float through the air rather than walking.
You learn spells naturally, not from books.
Your magical power is your life essence.
You have superior vitality. (+4 HP)
You are partially covered in iridescent scales. (AC +2)
You passively map a small area around you.


Message History

Press: ? - help, Q - select action, (/) - cycle Dir - look around, f - activate You conjure some foxfire!
The foxfire hits the manticore but does no damage.
The manticore is moderately wounded.
The manticore flicks its tail.
The volley of spikes misses you. The volley of spikes hits your foxfire!
Casting: Foxfire (safe; 1% risk of failure)
Press: ? - help, Q - select action, (/) - cycle Dir - look around, f - activate You conjure some foxfire!
The foxfire hits the manticore but does no damage.
The manticore is moderately wounded.
The foxfire hits the manticore.
The manticore is moderately wounded.
Casting: Foxfire (safe; 1% risk of failure)
Press: ? - help, Q - select action, (/) - cycle Dir - look around, f - activate You conjure some foxfire!
The foxfire hits the manticore but does no damage.
The manticore is moderately wounded.
The foxfire hits the manticore.
The manticore is moderately wounded.
The foxfire hits the manticore!
The manticore is heavily wounded.
The manticore bites you!
* * * LOW HITPOINT WARNING * * *
The manticore claws you.
* * * LOW HITPOINT WARNING * * *
The manticore claws you.
* * * LOW HITPOINT WARNING * * *
Casting: Foxfire (safe; 1% risk of failure)
Press: ? - help, Q - select action, (/) - cycle Dir - look around, f - activate You conjure some foxfire!
* * * LOW HITPOINT WARNING * * *
The foxfire hits the manticore but does no damage.
The manticore is heavily wounded.
The foxfire hits the manticore but does no damage.
The manticore is heavily wounded.
The manticore bites you.
* * * LOW HITPOINT WARNING * * *
The manticore claws you!
You die...

#[......#######
#.......#....#.
#.......#....#.
#.......#....#.
#.......'...['.
########.......#...###
*###.......########...###
......v§§.#.....#.......
*
.......@§.+.....+.......
......H.v.#.....#.......
..........#.....##......
..........#.....##......
..........+.(...........
..........#.............
...#####+##.....##....##
... ........###+#### ,
(...............


You could see a manticore (ally target).

Vanquished Creatures
  A centaur zombie (D:5)
  A hornet (D:5)
  Eustachio (D:5)
  A sky beast (D:5)
  2 ogres (D:6)
  A centaur (D:5)
  A phantom (D:4)
  A bullfrog (D:6)
  A water moccasin skeleton (D:5)
  5 wights
  2 electric eels (D:4)
  2 bullfrog zombies
  2 jellies
  2 orc priests (D:4)
  Jessica (D:2)
  A scorpion zombie (D:5)
  Natasha (thrice) (D:2)
  An iguana (D:5)
  2 orc wizards (D:4)
  A hound skeleton (D:5)
  Robin (D:2)
  4 gnolls
  A river rat (D:4)
  6 adders
  A white imp (D:6)
  An ufetubus (D:3)
  2 worms
  4 dart slugs
  12 orcs
  7 bats
  6 endoplasms
  5 giant cockroaches
  20 goblins
  5 hobgoblins
  5 jackals
  3 quokkas
  8 ball pythons
  3 frilled lizards
  6 kobolds
  5 rats
137 creatures vanquished.

Vanquished Creatures (others)
  613 foxfires
  2 plants (D:4)
615 creatures vanquished.

Grand Total: 752 creatures vanquished

Notes
Turn   | Place    | Note
-------+----------+-------------------------------------------
     0 | D:1      | Vivir the Djinni Fire Elementalist began the quest for the
                  | Orb.
     0 | D:1      | Reached XP level 1. HP: 15/15 MP: 0/0
   388 | D:1      | Reached XP level 2. HP: 18/21 MP: 0/0
   542 | D:1      | Found a faded altar of an unknown god.
   829 | D:1      | Reached XP level 3. HP: 20/25 MP: 0/0
   829 | D:1      | Learned a level 1 spell: Pain
  1895 | D:2      | Found Jodibur's Jewellery Boutique.
  1935 | D:2      | Noticed Robin
  1947 | D:2      | HP: 1/25 [goblin/stone[Robin] (5)]
  2303 | D:2      | Reached XP level 4. HP: 30/31 MP: 0/0
  2450 | D:2      | Found a blossoming altar of Fedhas.
  2502 | D:2      | Noticed Jessica
  2507 | D:2      | Killed Jessica
  2726 | D:2      | Noticed Natasha
  2731 | D:2      | Killed Natasha
  2732 | D:2      | Reached XP level 5. HP: 33/35 MP: 0/0
  2732 | D:2      | Learned a level 2 spell: Static Discharge
  2758 | D:2      | Noticed Natasha
  2786 | D:2      | Killed Natasha
  2944 | D:2      | Killed Robin
  2970 | D:2      | Noticed Natasha
  2978 | D:2      | Killed Natasha
  3329 | D:3      | Reached XP level 6. HP: 39/41 MP: 0/0
  4038 | D:3      | Found a basalt altar of Yredelemnul.
  4074 | D:3      | Reached skill level 1 in Fighting
  4826 | D:4      | Reached skill level 1 in Armour
  5445 | D:4      | Found an iron altar of Okawaru.
  5470 | D:4      | Reached XP level 7. HP: 33/49 MP: 0/0
  5470 | D:4      | Learned a level 3 spell: Dazzling Flash
  6230 | D:4      | Found a transporter.
  6278 | D:4      | Found a transporter.
  7159 | D:4      | Gained mutation: You are partially covered in iridescent
                  | scales. (AC +2) [potion of mutation]
  7159 | D:4      | Gained mutation: You passively map a small area around you.
                  | [potion of mutation]
  7250 | D:5      | Entered Level 5 of the Dungeon
  7297 | D:5      | Reached skill level 5 in Spellcasting
  7506 | D:5      | Noticed a hornet
  7518 | D:5      | Killed a hornet
  7519 | D:5      | Reached XP level 8. HP: 23/58 MP: 0/0
  7813 | D:5      | Noticed Eustachio
  7908 | D:5      | Killed Eustachio
  9475 | D:4      | Reached skill level 5 in Fighting
  9475 | D:4      | Reached XP level 9. HP: 12/65 MP: 0/0
  9475 | D:4      | Learned a level 4 spell: Dispel Undead
  9858 | D:5      | Reached skill level 5 in Armour
 10682 | D:6      | Found a staircase to the Ecumenical Temple.
 10707 | Temple   | Entered the Ecumenical Temple
 10761 | Temple   | Became a worshipper of Makhleb the Destroyer
 11167 | D:6      | Found a sparkling altar of Nemelex Xobeh.
 11183 | D:6      | Found an opulent altar of Gozag.
 11350 | D:6      | Noticed a manticore
 11362 | D:6      | Slain by a manticore

Illustrated notes

Levels and vault maps discovered:
D:1:      dpeg_arrival_central, layout_basic,
          shapermc_ecumenical_altar_notcrosses
D:2:      layout_loops_ring, serial_shops, nicolae_shop_waterfront, basic_altar,
          minmay_misc_feat_chi, uniq_jessica, uniq_natasha, uniq_robin
D:3:      layout_basic, yredelemnul_altar_generic, minivault_5
D:4:      gammafunk_steamed_eel, layout_basic, okawaru_metal_pillars_1_2,
          gup_sewer_entry_bubbles
D:5:      layout_loops_ring, uniq_eustachio
D:6:      layout_gridville, grunt_gozag_breadcrumbs, nemelex_dance_club_becter,
          minmay_temple_entry_statues_fountains
Temple:   lightli_temple_of_artemis

Skill      XL: |  1  2  3  4  5  6  7  8  9 |
---------------+----------------------------+-----
Spellcasting   | 3 4 5 6 |  6.4
Dodging        | 3 |  3.2
Fighting       | 2 3 5 6 |  6.0
Armour         | 2 3 4 6 |  6.0
Short Blades   | |  0.1
Stealth        | |  1.5
Unarmed Combat | |  0.2

Action                   |  1- 3 |  4- 6 |  7- 9 || total
-------------------------+-------+-------+-------++-------
Melee: Unarmed           |     6 |       |       ||     6
       Dagger            |     4 |    53 |   133 ||   190
       Punch             |       |       |     1 ||     1
 Cast: Foxfire           |    41 |   105 |   239 ||   385
       Pain              |     5 |     4 |     8 ||    17
Evoke: Wand              |       |       |     3 ||     3
  Use: Scroll            |     3 |       |     1 ||     4
       Potion            |       |       |     3 ||     3
 Stab: Distracted        |       |     1 |       ||     1
       Sleeping          |       |     4 |       ||     4
Armor: Robe              |     5 |    22 |   107 ||   134
Dodge: Dodged            |    22 |    92 |   159 ||   273
